 Dungeon Crawl Stone Soup version 0.31.0-11-ge490571c62 (webtiles) character file.

Game seed: 14128942970459065810

153 qw the Skirmisher (level 5, -9/29 HPs)
             Began as a Deep Elf Hunter on Feb 4, 2024.
             Killed from afar by Ijyb (12 damage)
             ... with a puff of flame
             ... on level 4 of the Dungeon.
             The game lasted 00:00:07 (2835 turns).

qw the Skirmisher (Deep Elf Hunter)                 Turns: 2835, Time: 00:00:08

Health: -9/29      AC:  5    Str: 10    XL:     5   Next: 12%
Magic:  7/7        EV: 11    Int: 14    God:
Gold:   147        SH:  0    Dex: 18    Spells: 4/4 levels left

rFire   . . .        a - +0 shortbow
rCold   . . .        (shield currently unavailable)
rNeg    . . .        d - +0 ring mail
rPois   .            (no helmet)
rElec   .            (no cloak)
rCorr   .            (no gloves)
SInv    +            (no boots)
Will    .....        (no amulet)
Stlth   +            i - ring of see invisible
HPRegen 0.24/turn    (no ring)
MPRegen 0.10/turn

%: no passive effects
@: about to teleport
A: no striking features
a: no special abilities


You were on level 4 of the Dungeon.
You visited 1 branch of the dungeon, and saw 4 of its levels.

You collected 147 gold pieces.


   Skills:
 - Level 1.5 Fighting
 + Level 8.5 Ranged Weapons
 - Level 2.4 Dodging
 - Level 1.2 Stealth


You had 4 spell levels left.
You didn't know any spells.
Your spell library was empty.

Inventory:

Hand Weapons
 a - a +0 shortbow (weapon)
Armour
 d - a +0 ring mail (worn)
Jewellery
 i - a ring of see invisible (left hand)
Scrolls
 e - a scroll of identify
Potions
 b - a potion of curing
 f - a potion of haste

Dungeon Overview and Level Annotations

Branches:
Dungeon (4/15)
 Temple: D:4-7

Altars:
Dithmenos
Fedhas
Hepliaklqana
Kikubaaqudgha
Nemelex Xobeh

Annotations:
D:4 Ijyb


Message History

Found 2 boomerangs.
You now have 147 gold pieces (gained 3).
Ijyb the Twisted Goblin comes into view.
She is wielding a +0 club and carrying a wand of flame.
Ijyb is nearby!
Ijyb is nearby!
Ijyb shouts!
You shoot an arrow. The arrow hits Ijyb but does no damage.
You shoot an arrow. The arrow closely misses Ijyb.
Ijyb is nearby!
Ijyb is nearby!
You shoot an arrow. The arrow hits Ijyb but does no damage.
You shoot an arrow. The arrow hits Ijyb but does no damage.
Ijyb hits you but does no damage.
You shoot an arrow. The arrow closely misses Ijyb.
Ijyb closely misses you.
You shoot an arrow. The arrow hits Ijyb but does no damage.
Ijyb hits you with a +0 club. Ijyb misses you.
You shoot an arrow. The arrow hits Ijyb but does no damage.
Ijyb hits you with a +0 club.
You shoot an arrow. The arrow hits Ijyb.
Ijyb is lightly wounded.
Ijyb closely misses you.
You shoot an arrow. The arrow hits Ijyb.
Ijyb is lightly wounded.
Ijyb hits you with a +0 club.
You shoot an arrow. The arrow hits Ijyb but does no damage.
Ijyb is lightly wounded.
Ijyb completely misses you.
You shoot an arrow. The arrow closely misses Ijyb.
Ijyb zaps a wand.
The puff of flame hits you!
You shoot an arrow. The arrow barely misses Ijyb.
Ijyb zaps a wand.
The puff of flame hits you!
2834 ||| READING scroll of teleportation.
As you read the scroll of teleportation, it crumbles to dust.
You feel strangely unstable. Ijyb hits you but does no damage.
You shoot an arrow. The arrow hits Ijyb but does no damage.
Ijyb is lightly wounded.
Ijyb hits you with a +0 club.
Ijyb zaps a wand.
The puff of flame hits you!
You die...

#[.......###.#
##(.....>...#.#..
.................
#..............
##............#
###.....##...## #...###
...# #.....# ##..##
##.##.###.@..##
#.#.......g.$#
##.#.#######..#
###....#..$..#.....
##......#$$...#.....#
###.......#.._..+....##
##.....##..#..$$.#...##
....######.#.$...#...#
#..## #.#######..##


You could see Ijyb.

Vanquished Creatures
  A bombardier beetle (D:4)
  5 adders
  A white imp (D:3)
  A ribbon worm (D:3)
  2 dart slugs
  2 orcs (D:3)
  3 ball pythons
  6 endoplasms
  3 giant cockroaches
  3 goblins
  3 hobgoblins
  8 jackals (D:2)
  A quokka (D:4)
  6 bats
  3 frilled lizards
  5 kobolds
  4 rats
57 creatures vanquished.

Notes
Turn   | Place    | Note
-------+----------+-------------------------------------------
     0 | D:1      | qw the Deep Elf Hunter began the quest for the Orb.
     0 | D:1      | Reached XP level 1. HP: 12/12 MP: 3/3
     0 | D:1      | 0 ||| qw: Version: 0.3-a-160-g6735b56
     0 | D:1      | 0 ||| qw: Game counter: 4893
     0 | D:1      | 0 ||| qw: Melee chars always use a shield: true
     0 | D:1      | 0 ||| qw: God list: Okawaru
     0 | D:1      | 0 ||| qw: Allow faded altars: false
     0 | D:1      | 0 ||| qw: Do Orc after clearing Dungeon:15 true
     0 | D:1      | 0 ||| qw: Do second Lair branch before Depths: true
     0 | D:1      | 0 ||| qw: Lair rune preference: random
     0 | D:1      | 0 ||| qw: Goals: Normal
     0 | D:1      | 0 ||| PLANNING D:1-11
   219 | D:1      | Reached skill level 6 in Ranged Weapons
   219 | D:1      | Reached XP level 2. HP: 16/16 MP: 4/4
   762 | D:1      | 762 ||| UPGRADING to ring of see invisible.
   763 | D:1      | 763 ||| READING scroll labelled GYJAOTT VYMOODE.
   763 | D:1      | 763 ||| ENCHANTING +0 shortbow.
   764 | D:1      | 764 ||| READING scroll labelled IHIUTI RACW.
   765 | D:1      | 765 ||| READING scroll labelled ZAMPYL ROITAN.
   766 | D:1      | 766 ||| READING scroll labelled PAADWOELEM.
   766 | D:1      | 766 ||| IDENTIFYING metallic brown potion
   767 | D:1      | 767 ||| DROPPING scroll of butterflies.
   935 | D:2      | Reached XP level 3. HP: 20/20 MP: 5/5
  1562 | D:2      | Reached skill level 7 in Ranged Weapons
  1952 | D:2      | 1952 ||| UPGRADING to +0 ring mail.
  1962 | D:2      | 1962 ||| DROPPING +0 leather armour.
  1963 | D:2      | 1963 ||| READING 2 scrolls of identify.
  1963 | D:2      | 1963 ||| IDENTIFYING cyan potion
  1964 | D:2      | 1964 ||| READING scroll of identify.
  1964 | D:2      | 1964 ||| IDENTIFYING scroll labelled QALEONA JUGHU
  2061 | D:3      | Reached XP level 4. HP: 25/25 MP: 6/6
  2261 | D:3      | 2261 ||| FLEEEEING.
  2262 | D:3      | 2262 ||| FLEEEEING.
  2428 | D:3      | Found a shadowy altar of Dithmenos.
  2428 | D:3      | Found a hazy altar of Hepliaklqana.
  2436 | D:3      | Found a faded altar of an unknown god.
  2442 | D:3      | Found a blossoming altar of Fedhas.
  2450 | D:3      | Found an ancient bone altar of Kikubaaqudgha.
  2545 | D:3      | Reached skill level 8 in Ranged Weapons
  2739 | D:3      | 2739 ||| READING 3 scrolls of identify.
  2739 | D:3      | 2739 ||| IDENTIFYING coppery potion
  2740 | D:3      | 2740 ||| READING 2 scrolls of identify.
  2740 | D:3      | 2740 ||| IDENTIFYING 2 inky potions
  2741 | D:3      | 2741 ||| DROPPING potion of brilliance.
  2742 | D:3      | 2742 ||| DROPPING 2 potions of ambrosia.
  2765 | D:4      | Reached XP level 5. HP: 29/29 MP: 7/7
  2800 | D:4      | Found a sparkling altar of Nemelex Xobeh.
  2819 | D:4      | Noticed Ijyb
  2833 | D:4      | HP: 6/29 [Ijyb/puff of flame (10)]
  2834 | D:4      | 2834 ||| READING scroll of teleportation.
  2835 | D:4      | Killed from afar by Ijyb

Levels and vault maps discovered:
D:1:      minmay_arrival_jagged, layout_loops_corners
D:2:      layout_basic
D:3:      layout_loops_cross, chequers_temple_overflow_minitemple
D:4:      layout_layer_cave, amcnicky_altar_gilded, corexii_leaking_fountain,
          uniq_ijyb

Skill      XL: |  1  2  3  4 |
---------------+-------------+-----
Ranged Weapons | 6 7 8 |  8.5
Fighting       | |  1.5
Dodging        | |  2.4
Stealth        | |  1.2

Action                     |  1- 3 |  4- 6 || total
---------------------------+-------+-------++-------
   Fire: Shortbow          |    90 |    79 ||   169
    Use: Scroll            |     6 |     3 ||     9
 Armour: Leather armour    |    24 |       ||    24
         Ring mail         |       |    31 ||    31
  Dodge: Dodged            |    25 |    23 ||    48

Table legend:
 A = Non-vault XP
 B = Vault XP
 C = Vault XP percentage of total XP
 D = Non-vault monster count
 E = Vault monster count
 F = Vault count percentage of total count
                 A         B        C        D         E       F
            +---------+---------+-------+---------+---------+-------
      Total |     219 |       0 |   0.0 |      57 |       0 |   0.0
            +---------+---------+-------+---------+---------+-------
        D:1 |      35 |       0 |   0.0 |      20 |       0 |   0.0
        D:2 |      55 |       0 |   0.0 |      19 |       0 |   0.0
        D:3 |      65 |       0 |   0.0 |      15 |       0 |   0.0
        D:4 |      64 |       0 |   0.0 |       3 |       0 |   0.0
            +---------+---------+-------+---------+---------+-------
